 Dungeon Crawl Stone Soup version 0.28.0-62-gf88900778d (webtiles) character file.

Game seed: 6057082982488689044

66019 cbfl8 the Cleaver (level 14, -6/124 HPs)
             Began as a Minotaur Fighter on July 5, 2023.
             Was the Champion of Okawaru.
             Killed by divine providence
             ... invoked by a meliai
              (11 damage)
             ... on level 5 of the Lair of Beasts.
             The game lasted 00:42:26 (22914 turns).

cbfl8 the Cleaver (Minotaur Fighter)               Turns: 22914, Time: 00:42:26

Health: -6/124     AC: 28    Str: 17 (20) XL:     14   Next: 77%
Magic:  15/17      EV: 13    Int:  8 (9)  God:    Okawaru [******]
Gold:   1289       SH: 16    Dex: 28 (29) Spells: 13/13 levels left

rFire   . . .      SeeInvis .   f - +10 hand axe "Veh Zidyh" {pain, Str+3}
rCold   + . .      Faith    .   c - +1 buckler
rNeg    . . .      Spirit   .   s - +0 plate armour of Pothradu {Drain rElec rC+ Will+}
rPois   +          Reflect  +   z - +1 hat of the Bull {+Blink Regen+ Int+4 Stlth+}
rElec   +          Harm     .   d - +0 cloak of the Lost Path {rElec rPois Str-5 Dex+9}
rCorr   .          Rampage  .   r - +2 pair of gloves
Will    ++...                   e - +2 pair of boots {Stlth+}
Stlth   ++++......              I - amulet of reflection
HPRegen 1.10/turn               a - ring of poison resistance
MPRegen 0.15/turn               N - +6 ring of dexterity

@: heroic, on blink cooldown, studying Polearms, unable to read
A: horns 2, retaliatory headbutt, inability to read while threatened, noise
suppression
a: Renounce Religion, Evoke Blink, Heroism, Finesse, Duel


You were on level 5 of the Lair of Beasts.
You worshipped Okawaru.
Okawaru was exalted by your worship.
You visited 4 branches of the dungeon, and saw 22 of its levels.
You visited the Abyss 1 time.
You also visited: Bailey.

You collected 1425 gold pieces.
You spent 136 gold pieces at shops.

Inventory:

Hand Weapons
 f - the +10 hand axe "Veh Zidyh" (weapon) {pain, Str+3}
   (You found it on level 2 of the Dungeon)

   In the hands of one skilled in necromantic magic, it inflicts extra damage on
   living creatures.
   Str:       It affects your strength (+3).
 C - a +3 broad axe
Missiles
 A - 36 boomerangs
 H - 15 curare-tipped darts
Armour
 c - a +1 buckler (worn)
 d - the +0 cloak of the Lost Path (worn) {rElec rPois Str-5 Dex+9}
   (Okawaru gifted it to you on level 11 of the Dungeon)

   Str:       It affects your strength (-5).
   Dex:       It affects your dexterity (+9).
   rElec:     It insulates you from electricity.
   rPois:     It protects you from poison.
 e - a +2 pair of boots of stealth (worn)
 n - a scarf of invisibility
 r - a +2 pair of gloves (worn)
 s - the +0 plate armour of Pothradu (worn) {Drain rElec rC+ Will+}
   (Okawaru gifted it to you on level 13 of the Dungeon)

   rC:        It protects you from cold.
   rElec:     It insulates you from electricity.
   Drain:     It drains your maximum health when unequipped.
   Will:      It increases your willpower.
 w - the +0 pair of boots of the Fiend {Will++ rCorr Str-4}
   (Okawaru gifted it to you on level 3 of the Lair of Beasts)

   Str:       It affects your strength (-4).
   rCorr:     It protects you from acid and corrosion.
   Will:      It greatly increases your willpower.
 z - the +1 hat of the Bull (worn) {+Blink Regen+ Int+4 Stlth+}
   (You acquired it on level 7 of the Dungeon)

   Int:       It affects your intelligence (+4).
   +Blink:    It lets you blink.
   Regen:     It increases your rate of health regeneration.
   Stlth:     It makes you more stealthy.
Jewellery
 a - a ring of poison resistance (left hand)
 o - a ring of protection from cold
 I - an amulet of reflection (around neck)
 N - a +6 ring of dexterity (right hand)
Wands
 q - a wand of digging (8)
 K - a wand of flame (2)
Scrolls
 g - 5 scrolls of teleportation
 i - a scroll of magic mapping {unknown}
 j - 4 scrolls of fear
 l - 4 scrolls of noise
 t - 2 scrolls of amnesia {unknown}
 v - a scroll of silence {unknown}
 y - a scroll of torment {unknown}
 B - 6 scrolls of fog
 J - 2 scrolls of vulnerability {unknown}
 M - 2 scrolls of immolation {unknown}
 Q - a scroll of blinking
 S - 2 scrolls of enchant weapon
Potions
 b - a potion of resistance {unknown}
 k - 3 potions of lignification {unknown}
 m - a potion of haste
 p - 4 potions of flight
 x - 2 potions of degeneration
 D - a potion of invisibility {unknown}
 E - a potion of cancellation
 F - 2 potions of magic
 G - 2 potions of brilliance
 L - a potion of attraction
 R - a potion of berserk rage {unknown}


   Skills:
 + Level 11.0(16.0) Fighting
 + Level 14.8(19.8) Axes
 + Level 9.4(14.4) Throwing
 + Level 12.1(17.1) Armour
 - Level 5.2(10.2) Dodging
 * Level 8.9(13.9) Stealth
 + Level 10.9(15.9) Shields
 * Level 5.5 Invocations
 + Level 8.9 Evocations


You had 13 spell levels left.
You didn't know any spells.
Your spell library contained the following spells:

 Spells                   Type           Power      Damage    Failure   Level
 Magic Dart               Conj           0%         1d3       100%        1
 Corpse Rot               Necr/Air       0%         N/A       100%        2
 Poisonous Vapours        Pois/Air       0%         N/A       100%        2
 Gell's Gravitas          Tloc           0%         N/A       100%        3
 Ignite Poison            Fire/Tmut/Pois 0%         N/A       100%        3
 Mephitic Cloud           Conj/Pois/Air  0%         N/A       100%        3
 Portal Projectile        Hex/Tloc       0%         N/A       100%        3
 Stone Arrow              Conj/Erth      0%         3d7       100%        3
 Teleport Other           Tloc           0%         N/A       100%        3
 Dispel Undead            Necr           0%         3d6       100%        4
 Leda's Liquefaction      Hex/Erth       0%         N/A       100%        4
 Blade Hands              Tmut           0%         N/A       100%        5
 Freezing Cloud           Conj/Ice/Air   0%         6-21      100%        5
 Irradiate                Conj/Tmut      0%         3d13      100%        5
 Dispersal                Tloc           0%         N/A       100%        6
 Dragon Form              Tmut           0%         N/A       100%        7
 Lehudib's Crystal Spear  Conj/Erth      0%         10d2      100%        8
 Call Imp                 Summ           Unusable   N/A       N/A         2
 Call Canine Familiar     Summ           Unusable   N/A       N/A         3
 Animate Armour           Summ/Erth      Unusable   N/A       N/A         4
 Death Channel            Necr           Unusable   N/A       N/A         6

Dungeon Overview and Level Annotations

Branches:
Dungeon (15/15)            Temple (1/1) D:5            Lair (5/6) D:9
 Shoals (0/4) Lair:4       Spider (0/4) Lair:3          Orc (1/2) D:12
 Vaults (0/5) D:14         Depths (0/4) D:15         Bailey (visited)
  Slime: Lair:5-6

Altars:
Ashenzari
Cheibriados
Dithmenos
Elyvilon
Fedhas
Gozag
Hepliaklqana
Kikubaaqudgha
Makhleb
Nemelex Xobeh
Okawaru
Qazlal
Ru
Sif Muna
Trog
Uskayaw
Vehumet
Wu Jian
Xom
Yredelemnul
Zin
The Shining One

Shops:
D:11 (   D:13 *


Innate Abilities, Weirdness & Mutations

You have a pair of horns on your head.
You reflexively headbutt those who attack you in melee.
You sometimes lose the ability to read scrolls when taking damage.
You passively dampen the noise of your surroundings.


Message History

The meliai mumbles some strange prayers to its god against you.
Something smites you!
* * * LOW HITPOINT WARNING * * *
The killer bee misses you.
It was a potion of attraction.
You feel attractive to monsters. The killer bee closely misses you.
You furiously retaliate!
You headbutt the killer bee. You block the killer bee's attack.
The killer bee closely misses you.
It was a potion of cancellation.
Your magical effects are unravelling.
You feel magically purged.
You feel yourself slow down.
You float gracefully downwards.
You feel a little less clever now.
The killer bee stings you but does no damage.
You block the killer bee's attack. x2
The meliai invokes the aid of its god against you.
Something smites you!
* * * LOW HITPOINT WARNING * * *
The killer bee barely misses you. You furiously retaliate!
You headbutt the killer bee.
You kill the killer bee!
Okawaru accepts your kill.
The killer bee is attracted toward you. x2; The meliai is attracted toward you.
You feel less attractive to monsters.
Okay, then.
You blink.
The meliai calls upon its god to heal the killer bee.
The killer bee's wounds heal themselves!
You cannot read scrolls in your current state!
It was a potion of mutation.
You feel extremely strange.
You can once more read scrolls while threatened.
You feel your surroundings grow quieter.
You lose the ability to read scrolls when threatened.
You block the killer bee's attack. x2; The killer bee stings you.
* * * LOW HITPOINT WARNING * * *
The meliai invokes the aid of its god against you.
Something smites you!
You die...

#....†....##
#..........#
#.........##
##.........##
............##
P.......F§...#
.......§..[..#
P......y.yyy.#
#........yy@.#
#.......yyy.##
#############


You could see a cane toad, 2 meliai and 7 killer bees.

Vanquished Creatures
  Kirke (D:14)
  Agnes (D:14)
  An orc warlord (Bailey)
  A stone giant (D:14)
  Snorg (D:13)
  Josephine (D:13)
  A great orb of eyes (Abyss:2)
  A rakshasa (D:14)
  A boulder beetle (D:14)
  Erolcha (D:11)
  3 hydras
  5 centaur warriors
  Erica (D:10)
  2 ogre magi
  7 two-headed ogres
  2 death yaks (Lair:4)
  3 tengu warriors (D:15)
  A thrashing horror (Abyss:2)
  Nergalle (Lair:2)
  Sonja (Lair:3)
  A skeletal warrior (D:14)
  2 lindwurms
  2 deep elf pyromancers
  An orc knight (D:14)
  2 oklob plants
  2 manticores
  4 ugly things (D:13)
  9 cyclopes
  4 elephants (Lair:3)
  A merfolk siren (Lair:4)
  Maurice (D:13)
  An orange demon (Abyss:2)
  2 torpor snails
  A black mamba (Lair:3)
  8 cane toads
  4 centaur skeletons (D:14)
  2 gargoyles
  A rime drake (Lair:2)
  2 unseen horrors
  7 komodo dragons
  2 kobold demonologists (D:13)
  An ancient zyme (Abyss:2)
  An efreet (D:14)
  A tengu conjurer (D:13)
  2 freezing wraiths
  3 merfolk (Lair:4)
  2 trolls
  A polar bear (Lair:4)
  2 raiju (Abyss:1)
  A jumping spider (Lair:3)
  12 slime creatures
  Sigmund (D:2)
  4 culicivoras (Lair:3)
  A ynoxinul (Abyss:2)
  9 flying skulls (Abyss:2)
  A shadow (D:10)
  6 wyverns
  6 wraiths
  2 vampires
  60 yaks
  3 hogs
  3 humans
  5 basilisks
  2 steam dragons
  A redback (Lair:3)
  A neqoxec (Abyss:2)
  7 vampire mosquitoes (D:13)
  Menkaure (D:7)
  9 water moccasins
  2 ice beasts
  2 sky beasts
  8 orc warriors
  A swamp drake (D:9)
  3 black bears
  A necrophage (D:5)
  9 ogres
  6 centaurs
  A small abomination (Abyss:2)
  8 kobold brigands
  Blork the orc (D:5)
  13 bullfrogs
  2 scorpions (D:5)
  A wyvern zombie (D:7)
  3 gnoll sergeants
  6 killer bees (Lair:5)
  2 electric eels
  3 hounds
  2 bullfrog zombies
  2 centaur zombies
  6 jellies
  A bullfrog skeleton (D:5)
  5 orc priests
  4 iguanas
  6 orc wizards
  A killer bee zombie (D:8)
  A hound skeleton (D:4)
  6 adders
  11 gnolls
  A shadow imp (D:8)
  A white imp (D:5)
  An ufetubus (D:5)
  44 orcs
  6 ball pythons
  19 endoplasms
  5 giant cockroaches
  9 goblins
  22 hobgoblins
  5 jackals
  41 kobolds
  4 quokkas
  2 bats
  4 frilled lizards
  8 rats
  A lurking horror (Abyss:2)
533 creatures vanquished.

Vanquished Creatures (others)
  A centaur simulacrum (D:15)
  A killer bee (Lair:5)
  A foxfire (Abyss:2)
  11 fungi
  A lurking horror (Abyss:1)
  13 plants
  5 starspawn tentacles (Abyss:1)
33 creatures vanquished.

Grand Total: 566 creatures vanquished

Notes
Turn   | Place    | Note
-------+----------+-------------------------------------------
     0 | D:1      | cbfl8 the Minotaur Fighter began the quest for the Orb.
     0 | D:1      | Reached XP level 1. HP: 19/19 MP: 0/0
   211 | D:1      | Reached XP level 2. HP: 27/27 MP: 1/1
  1012 | D:2      | Reached XP level 3. HP: 31/33 MP: 2/2
  1112 | D:2      | Identified the +10 hand axe "Veh Zidyh" {pain, Str+3}
  1180 | D:2      | Noticed Sigmund
  1187 | D:2      | Reached skill level 1 in Throwing
  1187 | D:2      | Reached XP level 4. HP: 39/40 MP: 3/3
  1194 | D:2      | Killed Sigmund
  1195 | D:2      | Reached skill level 3 in Axes
  1195 | D:2      | Reached skill level 1 in Dodging
  1195 | D:2      | Reached skill level 1 in Evocations
  1195 | D:2      | Reached XP level 5. HP: 18/46 MP: 4/4
  1668 | D:2      | Found a faded altar of an unknown god.
  2274 | D:3      | Reached XP level 6. HP: 52/52 MP: 5/5
  3113 | D:4      | Reached skill level 4 in Axes
  3401 | D:5      | Entered Level 5 of the Dungeon
  3401 | D:5      | Noticed a water moccasin
  3404 | D:5      | Killed a water moccasin
  3413 | D:5      | Reached skill level 5 in Armour
  3413 | D:5      | Reached XP level 7. HP: 50/60 MP: 6/6
  3578 | D:5      | Noticed Blork the orc
  3583 | D:5      | Killed Blork the orc
  3584 | D:5      | Reached skill level 5 in Axes
  4121 | D:6      | Reached skill level 5 in Shields
  4353 | D:5      | Found a staircase to the Ecumenical Temple.
  4403 | D:5      | Reached skill level 5 in Fighting
  4455 | D:5      | Reached XP level 8. HP: 62/68 MP: 7/7
  4714 | Temple   | Entered the Ecumenical Temple
  4935 | Temple   | Became a worshipper of Warmaster Okawaru
  5098 | D:6      | Reached skill level 1 in Stealth
  5141 | D:6      | Reached skill level 6 in Axes
  5548 | D:6      | Reached * piety under Okawaru
  5853 | D:7      | Noticed Menkaure
  5858 | D:7      | Reached skill level 7 in Axes
  5865 | D:7      | Killed Menkaure
  5866 | D:7      | Reached XP level 9. HP: 17/75 MP: 8/8
  5880 | D:7      | Reached ** piety under Okawaru
  5916 | D:7      | Found a flagged portal.
  6063 | Bailey   | Entered a bailey
  6069 | Bailey   | Noticed an orc warlord
  6173 | Bailey   | Reached skill level 5 in Throwing
  6462 | Bailey   | Found a runed translucent gate.
  6462 | Bailey   | Found a runed translucent gate.
  6462 | Bailey   | Found a runed translucent gate.
  6491 | Bailey   | Reached skill level 8 in Axes
  6748 | Bailey   | Killed an orc warlord
  6789 | D:7      | Acquired the +1 hat of the Bull {+Blink Regen+ Int+4
                  | Stlth+}
  6991 | D:7      | Reached skill level 5 in Evocations
  7096 | D:7      | Reached *** piety under Okawaru
  7172 | D:7      | Reached skill level 9 in Axes
  7172 | D:7      | Reached XP level 10. HP: 81/84 MP: 9/9
  7328 | D:8      | Noticed a two-headed ogre
  7335 | D:8      | Killed a two-headed ogre
  7565 | D:8      | Found a hazy altar of Hepliaklqana.
  7695 | D:8      | Reached **** piety under Okawaru
  8105 | D:9      | Received a gift from Okawaru
  8153 | D:9      | Reached skill level 10 in Axes
  8332 | D:9      | Found a hide-covered altar of Uskayaw.
  8765 | D:9      | Reached ***** piety under Okawaru
  8775 | D:9      | Found a staircase to the Lair.
  8796 | D:9      | Reached XP level 11. HP: 80/92 MP: 10/10
  8949 | D:10     | Entered Level 10 of the Dungeon
  9583 | D:11     | Noticed Erolcha
  9812 | D:10     | Reached skill level 11 in Axes
  9844 | D:11     | Noticed Erica
 10014 | D:10     | Killed Erica
 10252 | D:11     | Identified the +0 cloak of the Lost Path {rElec rPois Str-5
                  | Dex+9} (Okawaru gifted it to you on level 11 of the
                  | Dungeon)
 10252 | D:11     | Received a gift from Okawaru
 10366 | D:11     | Found Jutiti's Antique Weapon Shop.
 10670 | D:11     | Cast into level 1 of the Abyss (Erolcha)
 10762 | Abyss:1  | Noticed a starcursed mass
 10771 | Abyss:1  | Noticed a purple very ugly thing
 10816 | Abyss:1  | Noticed a tentacled starspawn
 10820 | Abyss:1  | Noticed a tentacled starspawn
 10878 | Abyss:2  | Noticed a white very ugly thing
 10880 | Abyss:2  | Noticed a wretched star
 10897 | Abyss:2  | Gained mutation: You sometimes lose the ability to read
                  | scrolls when taking damage. [a neqoxec]
 10971 | Abyss:2  | Noticed a great orb of eyes
 10996 | Abyss:2  | Paralysed by a great orb of eyes for 3 turns
 11002 | Abyss:2  | Killed a great orb of eyes
 11296 | Abyss:2  | Noticed a thrashing horror
 11297 | Abyss:2  | Noticed a thrashing horror
 11302 | Abyss:2  | Noticed a sixfirhy
 11315 | Abyss:2  | Noticed a large abomination
 11423 | Abyss:2  | Noticed a thrashing horror
 11427 | Abyss:2  | Noticed a large abomination
 11428 | Abyss:2  | Noticed a large abomination
 11487 | Abyss:2  | Killed a thrashing horror
 11490 | D:11     | Escaped the Abyss
 11569 | D:11     | Killed Erolcha
 12138 | D:12     | Found a staircase to the Orcish Mines.
 12163 | Orc:1    | Entered Level 1 of the Orcish Mines
 12418 | D:12     | Noticed a two-headed ogre
 12424 | D:12     | Killed a two-headed ogre
 12425 | D:12     | Reached XP level 12. HP: 78/102 MP: 11/11
 12534 | D:12     | Noticed a two-headed ogre
 12545 | D:12     | Killed a two-headed ogre
 12546 | D:12     | Reached skill level 12 in Axes
 12878 | D:12     | Reached skill level 5 in Stealth
 13025 | D:13     | Noticed a centaur warrior
 13036 | D:13     | Killed a centaur warrior
 13100 | D:13     | Received a gift from Okawaru
 13199 | D:13     | Noticed a centaur warrior
 13206 | D:13     | Killed a centaur warrior
 13206 | D:13     | Identified the +7 battleaxe of Ehen {vorpal, rElec Str+4
                  | Dex+5} (Okawaru gifted it to you on level 13 of the
                  | Dungeon)
 13206 | D:13     | Received a gift from Okawaru
 13212 | D:13     | Reached skill level 5 in Dodging
 13267 | D:13     | Noticed an eight-headed hydra
 13278 | D:13     | Killed a 13-headed hydra
 13363 | D:13     | Noticed Snorg
 13414 | D:13     | Noticed a centaur warrior
 13416 | D:13     | Noticed Maurice
 13426 | D:13     | Killed a centaur warrior
 13432 | D:13     | Killed Maurice
 13590 | D:13     | Identified the +0 plate armour of Pothradu {Drain rElec rC+
                  | Will+} (Okawaru gifted it to you on level 13 of the
                  | Dungeon)
 13590 | D:13     | Received a gift from Okawaru
 13684 | D:13     | Found Anunimma's General Store.
 13700 | D:13     | Bought a scroll of identify for 34 gold pieces
 13700 | D:13     | Bought a wand of paralysis (4) for 102 gold pieces
 13878 | D:13     | Noticed Josephine
 13899 | D:13     | Killed Josephine
 13900 | D:13     | Reached skill level 13 in Axes
 13985 | D:13     | Killed Snorg
 14168 | D:14     | Noticed Agnes
 14180 | D:14     | Killed Agnes
 14181 | D:14     | Reached XP level 13. HP: 109/111 MP: 12/12
 15438 | D:14     | Reached skill level 10 in Armour
 15438 | D:14     | Reached skill level 1 in Invocations
 15445 | D:14     | Found a gate to the Vaults.
 15476 | D:14     | Received a gift from Okawaru
 15476 | D:14     | Reached ****** piety under Okawaru
 16170 | D:15     | Entered Level 15 of the Dungeon
 16242 | D:15     | Received a gift from Okawaru
 16943 | D:14     | Received a gift from Okawaru
 17121 | D:15     | Reached skill level 14 in Axes
 17154 | D:15     | Found a hazy altar of Hepliaklqana.
 17160 | D:15     | Noticed Kirke
 17223 | D:14     | Killed Kirke
 17397 | D:15     | Identified the +1 robe of Uraicw {rCorr Int+3}
 17806 | D:15     | Noticed a stone giant
 18301 | D:15     | Received a gift from Okawaru
 18330 | D:14     | Killed a stone giant
 18403 | D:15     | Reached XP level 14. HP: 109/119 MP: 15/15
 18469 | D:15     | Found a staircase to the Depths.
 18835 | Lair:1   | Entered Level 1 of the Lair of Beasts
 18891 | Lair:1   | Identified the +6 shortbow "Ykenokko" {speed, +Blink Fly
                  | rN++ Dex-5}
 18912 | Lair:1   | Received a gift from Okawaru
 19138 | Lair:1   | Reached skill level 10 in Fighting
 19713 | Lair:2   | You fall into a shaft and drop 1 floor!
 19753 | Lair:3   | Noticed Sonja
 19768 | Lair:3   | Killed Sonja
 19818 | Lair:3   | Identified the +0 pair of boots of the Fiend {Will++ rCorr
                  | Str-4} (Okawaru gifted it to you on level 3 of the Lair of
                  | Beasts)
 19818 | Lair:3   | Received a gift from Okawaru
 19819 | Lair:3   | Reached skill level 10 in Shields
 19955 | Lair:2   | Noticed Nergalle
 19973 | Lair:2   | Killed Nergalle
 20935 | Lair:3   | Found a hole to the Spider Nest.
 21333 | Lair:3   | Reached skill level 5 in Invocations
 22382 | Lair:4   | Found a staircase to the Shoals.
 22686 | Lair:5   | Found an iron altar of Okawaru.
 22780 | Lair:5   | Identified the +1 cloak of the Saviour {Regen+} (Okawaru
                  | gifted it to you on level 5 of the Lair of Beasts)
 22780 | Lair:5   | Received a gift from Okawaru
 22912 | Lair:5   | HP: 6/124 [meliai/divine providence (10)]
 22914 | Lair:5   | Lost mutation: You sometimes lose the ability to read
                  | scrolls when taking damage. [potion of mutation]
 22914 | Lair:5   | Gained mutation: You passively dampen the noise of your
                  | surroundings. [potion of mutation]
 22914 | Lair:5   | Gained mutation: You sometimes lose the ability to read
                  | scrolls when taking damage. [potion of mutation]
 22914 | Lair:5   | Killed from afar by a meliai

Illustrated notes

Levels and vault maps discovered:
D:1:      giann_forest_graveyard, layout_loops_ring, minmay_pentomino_v4
D:2:      layout_rooms, shapermc_ecumenical_altar_petra, uniq_sigmund
D:3:      layout_basic
D:4:      layout_cave_pools
D:5:      layout_cave_pools, minmay_temple_entry_large_hall, uniq_blork_the_orc
D:6:      cheibrodos_thug_alley, layout_basic
D:7:      statuecave_lemuel, layout_basic, enter_bailey_4, st_stairs_8,
          uniq_menkaure
D:8:      layout_basic, general_overflow_altar
D:9:      layout_cave_pools, mainiacjoe_overflow_small_starburst,
          erik_lair_dragon
D:10:     layout_loops_ring
D:11:     lemuel_flame_loot_2, layout_cave_pools, serial_shops, shop_fountains,
          uniq_erolcha, uniq_erica
D:12:     layout_roguey, hiddenorc1_lemuel, chequers_serial_rivers_room_a,
          nicolae_elevator_lobby_plus
D:13:     layout_irregular_city, serial_shops, shop_statue, minmay_holes,
          minmay_increasing_density, uniq_snorg, uniq_josephine, uniq_maurice
D:14:     layout_loops_cross, hangedman_vaults_entry_quadrant_bands,
          minmay_liquid_box, uniq_agnes
D:15:     grunt_enter_depths_snipers, layout_rooms, lemuel_round_altar,
          uniq_kirke
Temple:   regret_index_temple_chain_breaker
Lair:1:   layout_misc_corridors, minmay_lair_oklob_items, serial_bayou_shore_a,
          grunt_megastairs_1, serial_bayou_shore_b, lemuel_fruit_tree
Lair:2:   layout_gridlike, lemuel_fruit_fields, uniq_nergalle
Lair:3:   lemuel_slime, layout_chaotic_city, nicolae_spider_entry_tight_spaces,
          infiniplex_staircase_pool, grunt_megastairs_2, lemuel_fruit_fields,
          uniq_sonja
Lair:4:   layout_regular_city, elwin_shoals_entry_stream, grunt_megastairs_4
Lair:5:   layout_hall_layers, basic_altar, special_room [special_room_bee]
Orc:1:    layout_caves, uniq_jorgrun

Skill      XL: |  1  2  3  4  5  6  7  8  9 10 11 12 13 14 |
---------------+-------------------------------------------+-----
Shields        | 4 5 6 7 8 9 10 | 10.9
Fighting       | 4 5 6 7 8 9 11 | 11.0
Throwing       | 1 2 3 4 5 7 8 9 |  9.4
Axes           | 3 4 5 7 9 10 11 13 14 | 14.8
Armour         | 4 5 6 7 8 9 11 12 | 12.1
Dodging        | 1 2 3 4 5 |  5.2
Evocations     | 1 2 3 5 6 7 8 |  8.9
Stealth        | 1 3 4 6 7 8 |  8.9
Invocations    | 3 5 |  5.5

Action                   |  1- 3 |  4- 6 |  7- 9 | 10-12 | 13-15 || total
-------------------------+-------+-------+-------+-------+-------++-------
Melee: War axe           |    73 |       |       |       |       ||    73
       Headbutt          |     5 |     5 |    49 |   160 |   250 ||   469
       Hand axe          |     6 |    81 |   225 |   698 |   787 ||  1797
Invok: Heroism           |       |       |       |     2 |     3 ||     5
 Abil: Evoke Blink       |       |       |       |     1 |     1 ||     2
Evoke: Wand              |       |       |     7 |    15 |    15 ||    37
  Use: Scroll            |     2 |     1 |     2 |     8 |     8 ||    21
       Potion            |       |       |     3 |    10 |    16 ||    29
 Stab: Paralysed         |       |       |    18 |    18 |     5 ||    41
       Sleeping          |       |       |     1 |    11 |     7 ||    19
       Distracted        |       |       |       |     1 |     2 ||     3
Armor: Scale mail        |    49 |    20 |    69 |   360 |       ||   498
       Plate armour      |       |       |       |    29 |   363 ||   392
Dodge: Dodged            |    36 |    25 |    87 |   267 |   286 ||   701
Block: Buckler           |     9 |     9 |    49 |   307 |   448 ||   822
       Reflection        |       |       |       |     9 |    31 ||    40
